 Dungeon Crawl Stone Soup version 0.21.1-1-g345015fe64 (webtiles) character file.

315 Veritas99 the Skirmisher (level 6, -6/49 HPs)
             Began as a Human Fighter on July 14, 2018.
             Was an Initiate of Yredelemnul.
             Mangled by an ogre
             ... wielding a +0 giant spiked club
              (14 damage)
             ... on level 4 of the Dungeon.
             The game lasted 00:24:30 (4195 turns).

Veritas99 the Skirmisher (Human Fighter)            Turns: 4195, Time: 00:24:31

Health: -6/49      AC: 13    Str: 19    XL:     6   Next: 72%
Magic:  6/6        EV:  3    Int:  8    God:    Yredelemnul [......]
Gold:   261        SH:  9    Dex: 12    Spells: 5/5 levels left

rFire    . . .     SeeInvis .   a - +0 long sword
rCold    . . .     Gourm    .   c - +0 shield
rNeg     . . .     Faith    .   i - +0 plate armour
rPois    .         Spirit   .   (no helmet)
rElec    .         Reflect  .   (no cloak)
rCorr    .         Harm     .   (no gloves)
MR       +....                  k - +1 pair of boots
Stlth    ..........             (no amulet)
HPRegen  0.16/turn              q - ring of protection from magic
MPRegen  0.10/turn              (no ring)

@: no status effects
A: no striking features
a: Renounce Religion


You were on level 4 of the Dungeon.
You worshipped Yredelemnul.
Yredelemnul was noncommittal.
You were not hungry.

You visited 1 branch of the dungeon, and saw 4 of its levels.

You collected 261 gold pieces.

Inventory:

Hand Weapons
 a - a +0 long sword (weapon)
 m - a +0 mace
Missiles
 e - 51 bolts
 j - 47 arrows
 n - 13 poisoned needles
Armour
 b - a +0 scale mail
 c - a +0 shield (worn)
 i - a +0 plate armour (worn)
 k - a +1 pair of boots (worn)
Jewellery
 q - a ring of protection from magic (left hand)
Scrolls
 g - a scroll of magic mapping
 l - a scroll of remove curse
Potions
 h - 2 potions of lignification
 p - a potion of berserk rage
 r - a potion of might
Books
 d - a book of Minor Magic

   Spells                             Type                      Level
   a - Magic Dart                     Conjuration                  1
   b - Blink                          Translocation                2
   c - Call Imp                       Summoning                    2
   d - Slow                           Hexes                        2
   e - Conjure Flame                  Conjuration/Fire             3
   f - Mephitic Cloud                 Conjuration/Poison/Air       3
Comestibles
 f - 4 rations


   Skills:
 + Level 4.3 Fighting
 + Level 4.3 Long Blades
 + Level 3.8 Armour
 + Level 0.6 Dodging
 + Level 4.0 Shields


You had 5 spell levels left.
You didn't know any spells.

Dungeon Overview and Level Annotations

Branches:
Dungeon (4/15)
 Temple: D:4-7

Altars:
Kikubaaqudgha
Yredelemnul


Message History

The ogre is severely wounded.
The orc wizard looks braver for a moment.
The ogre hits you with a giant spiked club.
You hit the ogre.
The ogre is severely wounded.
The ogre hits you with a giant spiked club!
* * * LOW HITPOINT WARNING * * *
You feel better.
Your plate armour prevents you from hitting the ogre.
The ogre is severely wounded.
The ogre hits you with a giant spiked club!
* * * LOW HITPOINT WARNING * * *
You hit the ogre.
The ogre is almost dead.
You block the ogre's attack.
You hit the ogre.
The ogre is almost dead.
The ogre hits you with a giant spiked club!
You die...
Your body rises from the dead as a mindless zombie.

#..........#.####.......
#..<......... #≈≈≈≈≈≈≈
#..........#.## ########
#..........#...
#..........#..#
.......l...#..#
......oo##.#..#
.##.###O##.#..#
#@##.#..##########
##'##.#............
#...#.#.###########
#...#.#'#######
#...#.........#
#...#.........#
##'##.........#
#........######
#........#


You could see an ogre, an orc wizard, an orc and a leopard gecko.

Vanquished Creatures
  A phantom (D:2)
  The ghost of martinkus the Skirmisher, a weakling GrFi (D:3)
  Jessica (D:3)
  A worker ant (D:2)
  5 adders
  4 worms
  5 leopard geckos
  6 orcs
  2 ball pythons (D:3)
  A bat zombie (D:4)
  6 giant cockroaches
  7 goblins
  7 hobgoblins
  4 jackals
  3 quokkas
  6 bats
  A frilled lizard (D:2)
  8 kobolds
  9 rats
  A rat zombie (D:4)
79 creatures vanquished.

Notes
Turn   | Place    | Note
-------+----------+-------------------------------------------
     0 | D:1      | Veritas99 the Human Fighter began the quest for the Orb.
     0 | D:1      | Reached XP level 1. HP: 18/18 MP: 1/1
    47 | D:1      | Reached XP level 2. HP: 5/24 MP: 2/2
   585 | D:1      | Reached XP level 3. HP: 17/29 MP: 3/3
  1039 | D:2      | Reached XP level 4. HP: 23/35 MP: 4/4
  1402 | D:2      | Noticed a phantom
  1477 | D:2      | Killed a phantom
  1477 | D:2      | Reached XP level 5. HP: 12/42 MP: 5/5
  2044 | D:2      | Reached XP level 6. HP: 38/48 MP: 6/6
  2470 | D:3      | Noticed Jessica
  2478 | D:3      | Killed Jessica
  2691 | D:3      | Noticed martinkus's ghost (weakling GrFi)
  2704 | D:3      | Killed martinkus's ghost
  3914 | D:3      | Found a basalt altar of Yredelemnul.
  3922 | D:3      | Became a worshipper of Yredelemnul the Dark
  4085 | D:4      | Found an ancient bone altar of Kikubaaqudgha.
  4176 | D:4      | Noticed an ogre
  4195 | D:4      | Mangled by an ogre

Skill      XL: |  1  2  3  4  5  6 |
---------------+-------------------+-----
Long Blades    | 3 4 |  4.3
Shields        | 4 |  4.0
Fighting       | 4 |  4.3
Armour         | |  3.8
Dodging        | |  0.6

Action                   |  1- 3 |  4- 6 || total
-------------------------+-------+-------++-------
Melee: Long sword        |   104 |   280 ||   384
  Use: Scroll            |     3 |     5 ||     8
       Potion            |     1 |     4 ||     5
  Eat: Chunk             |       |     6 ||     6
       Ration            |       |     2 ||     2
Armor: Scale mail        |    22 |       ||    22
       Plate armour      |    50 |   169 ||   219
Dodge: Dodged            |    23 |    33 ||    56
Block: Shield            |    56 |   140 ||   196
       Rpst.: Long sword |     9 |     6 ||    15
